 Dungeon Crawl Stone Soup version 0.29.0-4-gdea44cf6ec (webtiles) character file.

Game seed: 11916543091573922006

162 mainiacjoe the Conjurer (level 6, -1/45 HPs)
             Began as a Meteoran Wanderer on Aug 26, 2022.
             Slain by a yak (12 damage)
             ... on level 4 of the Dungeon.
             The game lasted 00:16:21 (1715 turns).

mainiacjoe the Conjurer (Meteoran Wanderer)         Turns: 1715, Time: 00:16:22

Health: -1/45      AC:  6    Str: 12    XL:     6   Next: 2%
Magic:  11/11      EV: 12    Int: 16    God:
Gold:   20         SH:  0    Dex: 15    Spells: 6/11 levels left

rFire   . . .      SeeInvis .   a - +3 rapier (venom)
rCold   . . .      Faith    .   (no shield)
rNeg    . . .      Spirit   .   k - +0 leather armour
rPois   .          Reflect  .   d - +1 helmet
rElec   .          Harm     .   (no cloak)
rCorr   .          Rampage  .   (no gloves)
Will    .....                   n - +0 pair of boots
Stlth   +.........              (no amulet)
HPRegen 0.15/turn               (no ring)
MPRegen 0.12/turn               (no ring)

@: glowing
A: sense surroundings 1, otherworldly, glowing, explore regen
a: no special abilities


You were on level 4 of the Dungeon.
You visited 1 branch of the dungeon, and saw 5 of its levels.

You collected 195 gold pieces.
You spent 175 gold pieces at shops.

Inventory:

Hand Weapons
 a - a +3 rapier of venom (weapon)
 b - a +0 dagger
 e - a +0 flail
 t - a +0 short sword
Missiles
 f - 5 poisoned darts (quivered)
 g - 13 stones
 y - 2 atropa-tipped darts {=F}
Armour
 c - a +0 robe
 d - a +1 helmet (worn)
 k - a +0 leather armour (worn)
 n - a +0 pair of boots (worn)
Magical Staves
 v - a staff of fire
Jewellery
 q - a ring of ice
Wands
 w - a wand of paralysis (20)
Scrolls
 i - 4 scrolls of fear
 l - 3 scrolls of blinking
 m - a scroll of poison
 o - a scroll of magic mapping
 u - a scroll of fog {unknown}
Potions
 h - 2 potions of haste
 j - a potion of curing
 r - 2 potions of heal wounds
 s - a potion of mutation
 x - 2 potions of resistance


   Skills:
 - Level 2.4 Dodging
 - Level 1.4 Stealth
 + Level 3.1 Spellcasting
 + Level 4.8 Conjurations
 - Level 2.5 Fire Magic
 - Level 2.5 Air Magic
 + Level 2.9 Earth Magic


You had 6 spell levels left.
You knew the following spells:

 Your Spells              Type           Power      Damage    Failure   Level
a - Shock                 Conj/Air       56%        1d6       5%          1
b - Foxfire               Conj/Fire      56%        2x1d6     5%          1
c - Stone Arrow           Conj/Erth      30%        3d8       14%         3

Your spell library contained the following spells:

 Spells                   Type           Power      Damage    Failure   Level
 Sandblast                Erth           24%        2d8       7%          1
 Conjure Flame            Conj/Fire      14%        6-21      16%         3
 Slow                     Hex            8%         N/A       24%         1
 Confusing Touch          Hex            2%         N/A       56%         3
 Vampiric Draining        Necr           2%         2d6       56%         3


Dungeon Overview and Level Annotations

Branches:
Dungeon (5/15) Zot: 1270
 Temple: D:4-7

Altars:
Nemelex Xobeh

Shops:
D:4 [?


Innate Abilities, Weirdness & Mutations

You passively map a small area around you.
You are easily found by Zot.
You glow in the dark.
You regain HP and MP as you explore.


Message History

You kill the dart slug!
You see here a dart slug corpse.
Okay, then.
Found a scroll labelled LODAOK SOTSYIM. 4 yaks come into view.
The yak bellows! x3; You hear a bellow! x2
The yak moves out of view.
The yak attacks as you move away! The yak gores you!
Found an escape hatch in the ceiling.
You see here a scroll labelled LODAOK SOTSYIM.
A yak comes into view.
There is an open door here.
The yak bellows!
There is an escape hatch in the ceiling here.
The yak barely misses you. A mysterious force pulls you upwards.
The hatch slams shut behind you.
You hit the yak.
The yak is poisoned.
The yak is lightly wounded.
The yak closely misses you.
You hit the yak.
The yak looks as sick as possible!
The yak is lightly wounded.
The yak gores you!
You hit the yak.
The yak looks as sick as possible!
You punch the yak, but do no damage.
The yak is moderately wounded.
The yak gores you!
You hit the yak.
The yak looks as sick as possible!
The yak is heavily wounded.
The yak closely misses you. The yak misses you.
The yak attacks as you move away! The yak closely misses you.
Aiming: Paralyse
Press: ? - help, Shift-Dir - straight line, f - yak
Aim: a yak (heavily wounded, extremely poisoned, chance to affect: 49%)
The yak resists with some effort.
The yak gores you.
* * * LOW HITPOINT WARNING * * *
Aiming: Paralyse
Press: ? - help, Shift-Dir - straight line, f/p - yak
Aim: a yak (heavily wounded, extremely poisoned, chance to affect: 49%)
The yak resists with some effort.
The yak gores you!
You die...

.##.##.'......≈≈≈§≈≈......'...###
.##....'......≈≈≈≈≈≈......'..)...
.#######......≈≈≈≈≈≈......#...#.#
.# #......≈≈≈≈≈≈......#..[.##
.#######..................###..#
>......##................##*##.##
##########..............##.####.#
##............##........
##....@Y....#*#########
##........## # ##########*
*,**,*,* *,,,,,,* ****,***
*,********** *,,,,,,,,,,****
**********,,,,,


You could see a yak (extremely poisoned).

Vanquished Creatures
  Jessica (D:2)
  Terence (D:2)
  3 adders (D:2)
  A shadow imp (D:4)
  3 worms
  4 dart slugs
  4 ball pythons
  5 endoplasms
  2 giant cockroaches (D:4)
  4 goblins
  5 hobgoblins
  6 jackals
  4 kobolds (D:4)
  2 quokkas (D:2)
  6 bats
  4 frilled lizards
  4 rats
59 creatures vanquished.

Vanquished Creatures (others)
  A minotaur (D:1)
  2 demonspawn (D:1)
  A draconian (D:1)
  2 octopodes (D:1)
  A gargoyle (D:1)
  An elf (D:1)
  A merfolk (D:1)
  A formicid (D:1)
  A vampire (D:1)
  A human (D:1)
  A naga (D:1)
  An ogre (D:1)
  A felid (D:1)
  68 foxfires
  6 tentacles (D:1)
89 creatures vanquished.

Grand Total: 148 creatures vanquished

Notes
Turn   | Place    | Note
-------+----------+-------------------------------------------
     0 | D:1      | mainiacjoe the Meteoran Wanderer began the quest for the
                  | Orb.
     0 | D:1      | mainiacjoe set off with the following items: a +0 dagger, a
                  | scroll of blinking, a +0 robe, a +0 helmet; and the
                  | following spells available to memorise: Foxfire, Shock,
                  | Sandblast, Stone Arrow, Conjure Flame.
     0 | D:1      | Reached XP level 1. HP: 14/14 MP: 5/5
     2 | D:1      | Learned a level 1 spell: Foxfire
     3 | D:1      | Killed a naga
     4 | D:1      | Learned a level 1 spell: Shock
     5 | D:1      | Killed an elf
     9 | D:1      | Noticed a felid
     9 | D:1      | Noticed a merfolk
     9 | D:1      | Noticed a demonspawn
     9 | D:1      | Noticed an octopode
     9 | D:1      | Noticed a draconian
     9 | D:1      | Noticed a kraken
     9 | D:1      | Noticed a vampire
     9 | D:1      | Noticed a formicid
     9 | D:1      | Noticed an ogre
     9 | D:1      | Noticed a minotaur
     9 | D:1      | Noticed an octopode
     9 | D:1      | Noticed a human
     9 | D:1      | Noticed a demonspawn
     9 | D:1      | Noticed a gargoyle
    10 | D:1      | Killed a vampire
    15 | D:1      | Killed a felid
    16 | D:1      | Killed an ogre
    18 | D:1      | Killed a demonspawn
    19 | D:1      | Killed a draconian
    20 | D:1      | Killed a demonspawn
    23 | D:1      | Killed an octopode
    23 | D:1      | Killed a formicid
    23 | D:1      | Killed an octopode
    24 | D:1      | Killed a gargoyle
    25 | D:1      | Killed a merfolk
    26 | D:1      | Killed a minotaur
    28 | D:1      | Killed a human
    61 | D:1      | Reached XP level 2. HP: 7/20 MP: 0/6
    82 | D:1      | Reached skill level 1 in Fire Magic
    82 | D:1      | Reached skill level 1 in Air Magic
   421 | D:2      | Reached skill level 4 in Conjurations
   421 | D:2      | Reached XP level 3. HP: 26/26 MP: 4/8
   425 | D:2      | Learned a level 3 spell: Stone Arrow
   470 | D:2      | Noticed Terence
   492 | D:2      | Killed Terence
   493 | D:2      | Reached XP level 4. HP: 4/33 MP: 1/9
   623 | D:2      | Found a sparkling altar of Nemelex Xobeh.
   679 | D:2      | Noticed Jessica
   693 | D:2      | Killed Jessica
   694 | D:2      | Reached XP level 5. HP: 38/38 MP: 2/10
  1197 | D:3      | You fall into a shaft and drop 1 floor!
  1419 | D:4      | Found Teytieno's Magic Scroll Emporium.
  1448 | D:4      | Bought a scroll of identify for 20 gold pieces
  1448 | D:4      | Bought a scroll of identify for 20 gold pieces
  1448 | D:4      | Bought a scroll of identify for 20 gold pieces
  1448 | D:4      | Bought a scroll of identify for 20 gold pieces
  1448 | D:4      | Bought a scroll of identify for 20 gold pieces
  1448 | D:4      | Bought a scroll of enchant armour for 75 gold pieces
  1481 | D:4      | Found Riuvouze's Antique Armour Shop.
  1549 | D:4      | Reached XP level 6. HP: 45/45 MP: 11/11
  1688 | D:5      | Entered Level 5 of the Dungeon
  1699 | D:5      | Noticed a yak
  1699 | D:5      | Noticed a yak
  1699 | D:5      | Noticed a yak
  1699 | D:5      | Noticed a yak
  1703 | D:5      | Noticed a yak
  1715 | D:4      | Slain by a yak

Illustrated notes

Levels and vault maps discovered:
D:1:      nicolae_arrival_kraken_aquarium_b, layout_loops_ring,
          minmay_tetromino_o2
D:2:      layout_basic, basic_altar, minmay_stone_trees_small, minivault_24,
          uniq_jessica, uniq_terence
D:3:      layout_loops_ring, ebering_ecumenical_altar_rust,
          minmay_close_crescents
D:4:      layout_loops_ring, serial_shops, shop_fountains,
          nicolae_shop_waterfront, kennysheep_big_empty_room
D:5:      layout_basic, minmay_temple_entry_drinking_statues, serial_shops,
          kennysheep_mini_moat, nicolae_shop_behind_doors,
          nicolae_shop_hallway_plus

Skill      XL: |  1  2  3  4  5 |
---------------+----------------+-----
Fire Magic     | 1 2 |  2.5
Air Magic      | 1 2 |  2.5
Conjurations   | 4 |  4.8
Earth Magic    | 2 |  2.9
Spellcasting   | 3 |  3.1
Dodging        | |  2.4
Stealth        | |  1.4

Action                   |  1- 3 |  4- 6 || total
-------------------------+-------+-------++-------
Melee: Dagger            |    34 |       ||    34
       Short sword       |     3 |       ||     3
       Flail             |       |    22 ||    22
       Rapier            |       |    36 ||    36
       Punch             |       |     1 ||     1
 Cast: Shock             |    14 |    15 ||    29
       Foxfire           |     6 |    33 ||    39
       Stone Arrow       |       |     1 ||     1
Evoke: Wand              |       |     2 ||     2
  Use: Scroll            |     4 |     9 ||    13
       Potion            |     1 |       ||     1
Armor: Robe              |    13 |       ||    13
       Leather armour    |    17 |    27 ||    44
Dodge: Dodged            |    37 |    52 ||    89
